Match 25004317
Unlisted

Match 25004317
End
Selects Italian Combined Arms Battlegroup
Selects Bersaglieri Squad
Bersaglieri Squad
Bersaglieri Squad
Construct Light Support Kompanie
Bersaglieri Squad
2.5-tonne Medical Truck
Selects Bersaglieri Bolster
MG34 Team
Panzerjäger Squad
Selects Breda Model 30 Light Machine Guns
Fire Support Elements
le.IG 18 Mechanized Group
Pak 38 Anti-tank Gun Team
Prince-of-Persia
danko_koehler
EspressoDeleto
CHMA | semouryhit2
starlight
Space5
word
YangXYZ
0
0

Comments sign in to comment!

No comments posted yet!